 Dungeon Crawl Stone Soup version 0.31-a0-600-g62dffe198b (webtiles) character file.

Game seed: 16149333312789841144

358 AdnanSaban the Covered (level 6, -6/38 HPs)
             Began as a Gargoyle Fighter on Aug 21, 2023.
             Mangled by an ogre
             ... wielding a +0 giant club
              (20 damage)
             ... on level 5 of the Dungeon.
             The game lasted 00:02:57 (4042 turns).

AdnanSaban the Covered (Gargoyle Fighter)           Turns: 4042, Time: 00:02:57

Health: -6/38      AC: 17    Str: 22    XL:     6   Next: 64%
Magic:  6/6        EV: 10    Int:  8    God:
Gold:   236        SH:  4    Dex:  9    Spells: 5/5 levels left

rFire   . . .        a - +0 flail
rCold   . . .        c - +0 buckler
rNeg    + . .        b - +0 scale mail
rPois   ∞            k - +0 helmet
rElec   +            (no cloak)
rCorr   .            g - +2 pair of gloves
SInv    .            s - +0 pair of boots
Will    .....        (no amulet) Stlth
                     (no ring)
HPRegen 0.26/turn    (no ring)
MPRegen 0.10/turn

%: no passive effects
@: no status effects
A: sickness immunity, AC +4, negative energy resistance 1, electricity
resistance, torment resistance 1, petrification resistance
a: no special abilities


You were on level 5 of the Dungeon.
You visited 1 branch of the dungeon, and saw 5 of its levels.

You collected 236 gold pieces.

Inventory:

Hand Weapons
 a - a +0 flail (weapon)
Missiles
 v - 2 boomerangs
 w - a throwing net
Armour
 b - a +0 scale mail (worn)
 c - a +0 buckler (worn)
 g - a +2 pair of gloves (worn)
 k - a +0 helmet (worn)
 s - a +0 pair of boots (worn)
Jewellery
 j - the ring of Gapoaraj {rC+ Will+ Str-5 Int+4 Dex+3}
   (You found it on level 2 of the Dungeon)

   [ring of protection from cold]

   Str-5:     It affects your strength (-5).
   Int+4:     It affects your intelligence (+4).
   Dex+3:     It affects your dexterity (+3).
   rC+:       It protects you from cold.
   Will+:     It increases your willpower.
Scrolls
 e - 2 scrolls of poison {unknown}
 f - 3 scrolls of teleportation {unknown}
 h - a scroll of amnesia {unknown}
 m - a scroll of revelation {unknown}
 n - 4 scrolls of identify {unknown}
 o - a scroll of fear {unknown}
 r - 4 scrolls of vulnerability {unknown}
 u - a scroll of enchant armour {unknown}
Potions
 d - 2 potions of might
 i - a potion of resistance {unknown}
 l - a potion of mutation {unknown}
 p - a potion of curing {unknown}
 q - a potion of enlightenment {unknown}
 t - a potion of heal wounds {unknown}


   Skills:
 + Level 4.1 Fighting
 + Level 4.1 Maces & Flails
 + Level 4.8 Armour
 + Level 1.9 Dodging
 + Level 4.3 Shields


You had 5 spell levels left.
You didn't know any spells.
Your spell library contained the following spells:

 Spells                   Type           Power      Damage    Failure   Level
 Summon Small Mammal      Summ           0%         N/A       78%         1
 Lesser Beckoning         Tloc           0%         N/A       89%         2
 Call Canine Familiar     Summ           0%         N/A       98%         3
 Gell's Gravitas          Tloc           0%         N/A       98%         3
 Summon Guardian Golem    Hex/Summ       0%         N/A       98%         3
 Teleport Other           Tloc           0%         N/A       98%         3


Dungeon Overview and Level Annotations

Branches:
Dungeon (5/15)
 Temple: D:4-7

Altars:

Annotations:
D:3 3 runed translucent doors, qipq's ghost, amateur OpFi
D:4 2 runed translucent doors, Kiciri's ghost, novice DsSh


Innate Abilities, Weirdness & Mutations

You are immune to sickness and miasma.
Your stone body is resilient. (AC +4)
You are immune to poison.
You resist negative energy. (rN+)
You are resistant to electric shocks. (rElec)
You are resistant to unholy torment.
You are immune to petrification.


Message History

There is a stone staircase leading up here.
The ogre barely misses you.
You completely miss the ogre. You hit the ogre but do no damage.
The ogre completely misses you.
You hit the ogre.
The ogre is lightly wounded.
The ogre hits you with a +0 giant club.
You hit the ogre.
The ogre is lightly wounded.
The ogre hits you with a +0 giant club.
You barely miss the ogre.
The ogre is lightly wounded.
The ogre barely misses you.
You hit the ogre but do no damage.
The ogre is lightly wounded.
You hit the ogre but do no damage.
The ogre is lightly wounded.
The ogre hits you with a +0 giant club!
You hit the ogre.
The ogre is moderately wounded.
The ogre hits you with a +0 giant club!
You are too injured to fight recklessly!
You are too injured to fight recklessly!
You are too injured to fight recklessly!
You are too injured to fight recklessly!
You are too injured to fight recklessly!
You are too injured to fight recklessly!
You are too injured to fight recklessly!
You are too injured to fight recklessly!
You are too injured to fight recklessly!
You are too injured to fight recklessly!
You are too injured to fight recklessly!
You are too injured to fight recklessly!
You are too injured to fight recklessly!
You are too injured to fight recklessly!
You are too injured to fight recklessly!
There is a stone staircase leading up here.
The ogre hits you with a +0 giant club!!
Ouch! That really hurt!
You die...

####. .....
...... ......
#######......
#............
#....@.#
#....O.#
#......#
#......#
#......#
########


You could see an ogre.

Vanquished Creatures
  A jelly (D:4)
  A hound (D:4)
  2 iguanas (D:3)
  Robin (D:2)
  4 gnolls (D:2)
  9 adders
  A dart slug (D:1)
  6 orcs (D:3)
  7 ball pythons
  6 bats
  11 endoplasms
  4 giant cockroaches
  18 goblins
  6 hobgoblins
  10 jackals
  2 quokkas
  5 frilled lizards
  9 kobolds
  4 rats
107 creatures vanquished.

Notes
Turn   | Place    | Note
-------+----------+-------------------------------------------
     0 | D:1      | AdnanSaban the Gargoyle Fighter began the quest for the
                  | Orb.
     0 | D:1      | Reached XP level 1. HP: 14/14 MP: 1/1
    89 | D:1      | Reached XP level 2. HP: 19/19 MP: 2/2
   630 | D:1      | Reached XP level 3. HP: 20/23 MP: 3/3
  1035 | D:2      | Noticed Robin
  1209 | D:2      | Reached XP level 4. HP: 23/29 MP: 4/4
  1235 | D:2      | Killed Robin
  1246 | D:2      | Reached skill level 1 in Dodging
  1329 | D:2      | Identified the ring of Gapoaraj {rC+ Will+ Str-5 Int+4
                  | Dex+3}
  1449 | D:2      | Reached XP level 5. HP: 31/33 MP: 5/5
  1871 | D:3      | Found a faded altar of an unknown god.
  2159 | D:3      | Reached XP level 6. HP: 30/38 MP: 6/6
  2519 | D:3      | Found a runed translucent gate.
  2519 | D:3      | Found a runed translucent gate.
  2528 | D:3      | Found a runed translucent gate.
  2529 | D:3      | Noticed qipq's ghost (amateur OpFi)
  3131 | D:4      | Found a runed translucent door.
  3132 | D:4      | Noticed Kiciri's ghost (novice DsSh)
  3742 | D:4      | Found a runed translucent door.
  4031 | D:5      | Entered Level 5 of the Dungeon
  4042 | D:5      | Mangled by an ogre

Illustrated notes

Levels and vault maps discovered:
D:1:      minmay_arrival_up_and_down, layout_basic, amcnicky_mini_pool_small
D:2:      layout_basic, serial_bayou_pond_a, grunt_decor_junction, uniq_robin
D:3:      minmay_recursive_quarters, layout_basic, gammafunk_ghost_necromancy,
          hellmonk_ecumenical_altar_run_dry, st_stairs_1, minmay_circle_x
D:4:      layout_loops_corners, ebering_ghost_sewer_f, nicolae_the_louvre
D:5:      layout_gridville, enter_ossuary_5, uniq_ijyb, uniq_blork_the_orc

Skill      XL: |  1  2  3  4  5  6 |
---------------+-------------------+-----
Armour         | 4 |  4.8
Dodging        | 1 |  1.9
Maces & Flails | 3 4 |  4.1
Shields        | 4 |  4.3
Fighting       | 4 |  4.1

Action                     |  1- 3 |  4- 6 || total
---------------------------+-------+-------++-------
  Melee: Flail             |   133 |   294 ||   427
 Armour: Scale mail        |   114 |   208 ||   322
  Dodge: Dodged            |   116 |   165 ||   281
  Block: Buckler           |    43 |    93 ||   136

Table legend: (Time is in decaauts)
 A = Elapsed time spent in this place.
 B = Non-inter-level travel time spent in this place.
 C = Inter-level travel time spent in this place.
 D = Time resting spent in this place.
 E = Time spent auto-exploring this place.
 F = Levels seen in this place.
 G = Mean time per level.
                   A        B        C        D        E       F      G
               +--------+--------+--------+--------+--------+-----+--------+
         Total |   4158 |   4013 |    145 |      0 |   3157 |   5 |  831.6 |
       Dungeon |   4158 |   4013 |    145 |      0 |   3157 |   5 |  831.6 |
               +--------+--------+--------+--------+--------+-----+--------+

Top non-repeatable levels by time:
     D:3: 1301 daAuts
     D:4: 1064 daAuts
     D:1: 1015 daAuts
     D:2: 764 daAuts
     D:5: 12 daAuts
